 Dungeon Crawl Stone Soup version 0.24-a0-509-ga1643a6788 (webtiles) character file.

Game seed: 1950811317502880278

160 Inarius the Skirmisher (level 5, -1/42 HPs)
             Began as a Demonspawn Abyssal Knight on July 19, 2019.
             Was a Believer of Lugonu.
             Killed by divine providence
             ... invoked by an orc priest
              (14 damage)
             ... on level 4 of the Dungeon.
             The game lasted 00:06:49 (2506 turns).

Inarius the Skirmisher (Demonspawn Abyssal Knight)  Turns: 2506, Time: 00:06:50

Health: -1/42      AC:  7    Str: 13    XL:     5   Next: 17%
Magic:  7/7        EV: 10    Int: 13    God:    Lugonu [**....]
Gold:   138        SH:  0    Dex: 13    Spells: 4/4 levels left

rFire    . . .     SeeInvis +     - Unarmed
rCold    . . .     Gourm    .   (no shield)
rNeg     . . .     Faith    .   n - +0 ring mail
rPois    .         Spirit   .   (no helmet)
rElec    .         Reflect  .   (no cloak)
rCorr    .         Harm     .   e - +1 pair of gloves of the Ten Allies {Slay+3 SInv}
MR       .....                  (no boots)
Stlth    ..........             (no amulet)
HPRegen  0.14/turn              (no ring)
MPRegen  0.10/turn              (no ring)

@: no status effects
A: claws 1, hooves 1, spiny 1
a: Depart the Abyss, Bend Space, Renounce Religion


You were on level 4 of the Dungeon.
You worshipped Lugonu.
Lugonu was pleased with you.
You were very hungry.

You visited 1 branch of the dungeon, and saw 4 of its levels.
You visited the Abyss 1 time.

You collected 138 gold pieces.

Inventory:

Armour
 e - the +1 pair of gloves of the Ten Allies (worn) {Slay+3 SInv}
   (You found it on level 2 of the Abyss)

   It affects your accuracy and damage with ranged weapons and melee attacks
   (+3).
   It lets you see invisible.
 n - a +0 ring mail (worn)
Wands
 h - a wand of acid (11)
Scrolls
 c - a scroll of teleportation {unknown}
 g - 3 scrolls of remove curse
 i - 3 scrolls of blinking
 o - 2 scrolls of amnesia
 q - a scroll of fear {unknown}
 r - a scroll of magic mapping
Potions
 f - a potion of berserk rage {unknown}
 j - 4 potions of curing
 k - 3 potions of heal wounds {unknown}
 l - 2 potions of resistance {unknown}
 p - a potion of degeneration {unknown}
 s - a potion of ambrosia
 t - a potion of lignification {unknown}
 u - a potion of invisibility {unknown}
 v - a potion of agility
 w - a potion of might
Comestibles
 b - 5 rations


   Skills:
 + Level 3.8 Fighting
   Level 2.4 Axes
 + Level 2.5 Armour
 + Level 1.4 Dodging
 - Level 0.2 Stealth
 * Level 1.8 Unarmed Combat
 * Level 3.0 Invocations
 * Level 1.1 Evocations


You had 4 spell levels left.
You didn't know any spells.
Your spell library was empty.

Dungeon Overview and Level Annotations

Branches:
Dungeon (4/15)
 Temple: D:4-7

Altars:
Zin


Innate Abilities, Weirdness & Mutations

You have sharp fingernails.
You have large cloven feet.
You are partially covered in sharp spines.


Message History

The orc priest invokes the aid of Beogh against you.
Pain shoots through your body!
You are too injured to fight recklessly!
You are too injured to fight recklessly!
You are too injured to fight recklessly!
You are too injured to fight recklessly!
You hit the orc priest but do no damage.
The orc priest invokes the aid of Beogh against you.
Beogh smites you!
* * * LOW HITPOINT WARNING * * *
You feel better.
The orc priest looks braver for a moment.
You hit the orc priest but do no damage.
You kick the orc priest, but do no damage.
The orc priest miscasts a cantrip.
You barely miss the orc priest. You kick the orc priest.
The orc priest is moderately wounded.
The orc priest invokes the aid of Beogh against you.
Beogh smites you!
You die...

#.....# #.....#
###+#####.....#
#............##
#............#
#............#
#............#
#....#'############
#....#....)@)......
#....#).....o....^.
#....#.............
#....+.............
+....#.............
#....#######..#####
##.### .># .<.


You could see an orc priest.

Vanquished Creatures
  An iguana (D:4)
  3 adders (D:3)
  An ooze (D:1)
  3 worms
  4 dart slugs
  3 leopard geckos
  5 orcs
  8 bats
  3 giant cockroaches
  8 goblins
  13 hobgoblins
  A quokka (D:2)
  5 frilled lizards
  10 kobolds
  9 rats
77 creatures vanquished.

Notes
Turn   | Place    | Note
-------+----------+-------------------------------------------
     0 | Abyss:1  | Inarius the Demonspawn Abyssal Knight began the quest for
                  | the Orb.
     0 | Abyss:1  | Reached XP level 1. HP: 18/18 MP: 2/2
    58 | Abyss:1  | Noticed a snapping turtle zombie
    60 | Abyss:1  | Noticed a small abomination
    74 | Abyss:1  | Noticed a small abomination
    89 | Abyss:2  | Got a pair of heavily runed gloves
   128 | Abyss:2  | Noticed a neqoxec
   130 | Abyss:2  | Noticed a quasit
   131 | Abyss:2  | Noticed a freezing wraith
   131 | D:1      | Escaped the Abyss
   149 | D:1      | Identified the +1 pair of gloves of the Ten Allies {Slay+3
                  | SInv} (You found it on level 2 of the Abyss)
   188 | D:1      | Reached skill level 1 in Dodging
   331 | D:1      | Gained mutation: You have large cloven feet. [demonic
                  | ancestry]
   331 | D:1      | Reached XP level 2. HP: 24/24 MP: 4/4
   345 | D:1      | Reached * piety under Lugonu
   554 | D:1      | Gained mutation: You are partially covered in sharp spines.
                  | [demonic ancestry]
   554 | D:1      | Reached XP level 3. HP: 19/29 MP: 5/5
   861 | D:2      | Reached skill level 1 in Axes
  1069 | D:2      | Reached ** piety under Lugonu
  1307 | D:2      | Reached XP level 4. HP: 37/37 MP: 6/6
  1319 | D:2      | Found a glowing silver altar of Zin.
  1735 | D:3      | Reached skill level 1 in Evocations
  2314 | D:4      | Gained mutation: You have sharp fingernails. [demonic
                  | ancestry]
  2314 | D:4      | Reached XP level 5. HP: 26/42 MP: 7/7
  2506 | D:4      | Killed from afar by an orc priest

Levels and vault maps discovered:
D:1:      lemuel_arrival_broad_hall, layout_basic
D:2:      layout_loops_ring, overflow_temple_1_default
D:3:      layout_basic
D:4:      layout_gridville, lemuel_round_altar

Skill      XL: |  1  2  3  4 |
---------------+-------------+-----
Dodging        | 1 |  1.4
Armour         | 2 |  2.5
Axes           | 1 2 |  2.4
Evocations     | 1 |  1.1
Invocations    | 3 |  3.0
Fighting       | |  3.8
Stealth        | |  0.2
Unarmed Combat | |  1.8

Action                   |  1- 3 |  4- 6 || total
-------------------------+-------+-------++-------
Melee: Unarmed           |    26 |    10 ||    36
       Hand axe          |    57 |    40 ||    97
       Kick              |    14 |    13 ||    27
       Punch             |       |     1 ||     1
Invok: Depart the Abyss  |     1 |       ||     1
  Use: Scroll            |       |     7 ||     7
       Potion            |       |     1 ||     1
  Eat: Chunk             |     1 |     3 ||     4
Armor: Leather armour    |    18 |       ||    18
       Ring mail         |    15 |    21 ||    36
Dodge: Dodged            |    45 |    23 ||    68

Table legend:
 A = Non-vault XP
 B = Vault XP
 C = Vault XP percentage of total XP
 D = Non-vault monster count
 E = Vault monster count
 F = Vault count percentage of total count
                 A         B        C        D         E       F
            +---------+---------+-------+---------+---------+-------
      Total |     229 |       0 |   0.0 |      77 |       0 |   0.0
            +---------+---------+-------+---------+---------+-------
        D:1 |      57 |       0 |   0.0 |      30 |       0 |   0.0
        D:2 |      40 |       0 |   0.0 |      19 |       0 |   0.0
        D:3 |      80 |       0 |   0.0 |      22 |       0 |   0.0
        D:4 |      52 |       0 |   0.0 |       6 |       0 |   0.0
            +---------+---------+-------+---------+---------+-------
